AoeStats
← [ExIT] Sawyer

Arena

510817505Analyzed
1v1 RM · 23h ago on Oct 2, 2026· 45m 45s· 2 players
Game mode
Random Map
Map size
Tiny (2 player)
Population
200
Speed
Normal
Resources
Standard
Victory
Conquest
Starting age
Dark Age
Ending age
Imperial Age
RankedLock teamsTeams togetherTeam positionsShared explorationLock speedFull tech treeHidden civsTurbo modeCheats
Victory
Defeat
🇩🇪 Saxons · Germany
1356
+16
🇦🇷 Slavs · Argentina
1353
-16
mambokikssz
10:42 Feudal Age
14:29 Castle Age
15:18 Fletching
16:10 Wheelbarrow
15:28 Double-Bit Axe
16:06 Horse Collar
22:08 Gold Mining
23:08 Town Watch
26:08 Imperial Age
23:42 Scale Mail Armor
24:12 Bow Saw
24:04 Bodkin Arrow
24:39 Hand Cart
24:57 Loom
26:02 Chain Mail Armor
26:39 Forging
26:20 Pikeman
28:20 Padded Archer Armor
28:53 Plate Mail Armor
27:50 Heavy Scorpion
31:42 Detinets
34:33 Chemistry
33:52 Scale Barding Armor
34:36 Bloodlines
33:47 Light Cavalry
35:21 Chain Barding Armor
36:40 Plate Barding Armor
35:28 Hussar
37:06 Iron Casting
37:09 Town Patrol
39:04 Halberdier
42:20 Blast Furnace
[ExIT] Sawyer
7:28 Loom
9:34 Feudal Age
14:41 Castle Age
12:44 Horse Collar
13:16 Double-Bit Axe
16:08 Bow Saw
16:07 Heavy Plow
25:26 Wheelbarrow
24:37 Town Watch
29:25 Imperial Age
27:06 Fletching
29:09 Squires
29:21 Forging
29:12 Scale Mail Armor
29:37 Arson
30:14 Elite Varangian Guard
31:30 Chain Mail Armor
33:34 Cranequins
34:13 Bodkin Arrow
34:49 Plate Mail Armor
34:20 Padded Archer Armor
36:01 Two-Man Saw
35:35 Scale Barding Armor
36:06 Iron Casting
35:35 Bracer
35:53 Bloodlines
35:46 Husbandry
36:27 Ballistics
36:04 Murder Holes
35:44 Light Cavalry
36:52 Conscription
37:25 Leather Archer Armor
38:08 Hussar
40:41 Chain Barding Armor
42:27 Heavy Mounted Crossbowman
44:35 Ring Archer Armor
45:39 Chemistry
Connection lost

Rejoining the realm…

Still unreachable

The connection could not be restored.

Session expired

The server has moved on; the page needs a fresh start.